 Dungeon Crawl Stone Soup version 0.30-a0-782-ge64f9170bb (webtiles) character file.

Game seed: 17350400443780944699

26668 BlueFish the Covert (level 13, 0/96 HPs)
             Began as a Vampire Enchanter on Feb 19, 2023.
             Was a High Priest of Dithmenos.
             Slain by a death yak (18 damage)
             ... on level 2 of the Lair of Beasts.
             The game lasted 00:43:00 (14384 turns).

BlueFish the Covert (Vampire Enchanter)            Turns: 14384, Time: 00:43:01

Health: 0/96       AC: 12    Str:  7    XL:     13   Next: 0%
Magic:  10/24      EV: 17    Int: 19    God:    Dithmenos [*****.]
Gold:   786        SH:  0    Dex: 18    Spells: 15/27 levels left

rFire   + . .      SeeInvis +    C - +2 dagger (flame)
rCold   . . .      Faith    .    (no shield)
rNeg    . . .      Spirit   .    r - +3 robe of Clouds {*Thunder rCloud rElec}
rPois   +          Reflect  .    (no helmet)
rElec   +          Harm     .    u - +2 cloak {rPois}
rCorr   .          Rampage  .    w - +0 pair of gloves
Will    +....                    p - +1 pair of boots
Stlth   +++++++++                (no amulet)
HPRegen 0.56/turn                o - ring of flight
MPRegen 0.19/turn                H - ring of protection from fire

@: confusing by touch, flying, healing quickly, wreathed by umbra
A: alive, fangs 3, see invisible, vampiric 2
a: Exsanguinate, Renounce Religion, Shadow Step, Shadow Form


You were on level 2 of the Lair of Beasts.
You worshipped Dithmenos.
Dithmenos was extremely pleased with you.
You visited 3 branches of the dungeon, and saw 15 of its levels.
You also visited: Sewer and Bailey.

You collected 786 gold pieces.

Inventory:

Hand Weapons
 a - a +1 dagger
 C - a +2 dagger of flaming (weapon)
Missiles
 q - 6 curare-tipped darts
 D - 34 poisoned darts (quivered)
 J - 8 javelins
 W - 6 boomerangs
Armour
 p - a +1 pair of boots (worn)
 r - the +3 robe of Clouds (worn) {*Thunder rCloud rElec}
   (You found it on level 2 of the Dungeon)

   *Thunder:  It occasionally creates storm clouds above nearby enemies.
   rCloud:    It grants its wearer immunity to clouds.
   rElec:     It insulates you from electricity.
 u - a +2 cloak of poison resistance (worn)
 w - a +0 pair of gloves (worn)
 x - a +0 buckler
Jewellery
 e - a ring of resist corrosion
 o - a ring of flight (left hand)
 H - a ring of protection from fire (right hand)
 N - a +6 ring of intelligence
 Q - a ring of wizardry
 Z - the ring "Niteder" {rN+ rCorr}
   (You found it on level 2 of the Lair of Beasts)

   [ring of positive energy]

   rN:        It protects you from negative energy.
   rCorr:     It protects you from acid and corrosion.
Wands
 b - a wand of light (23)
 G - a wand of mindburst (20)
 O - a wand of polymorph (16)
 P - a wand of digging (11)
 Y - a wand of roots (2)
Scrolls
 f - 2 scrolls of summoning
 h - 3 scrolls of blinking
 i - 3 scrolls of enchant armour
 l - 5 scrolls of poison
 m - 5 scrolls of fog
 n - 4 scrolls of fear
 v - 4 scrolls of teleportation
 y - 2 scrolls of immolation
 z - 2 scrolls of torment {unknown}
 A - a scroll of noise
 F - 2 scrolls of amnesia {unknown}
 I - a scroll of magic mapping {unknown}
 M - 2 scrolls of brand weapon {unknown}
 S - a scroll of silence {unknown}
 T - 4 scrolls of identify
 V - 2 scrolls of vulnerability {unknown}
Potions
 c - 4 potions of invisibility
 d - 5 potions of degeneration
 g - 3 potions of attraction
 j - 8 potions of curing
 k - 4 potions of heal wounds {unknown}
 s - 2 potions of ambrosia
 t - 7 potions of mutation
 B - 3 potions of flight {unknown}
 E - 2 potions of might {unknown}
 K - 3 potions of cancellation {unknown}
 L - 6 potions of haste
 R - a potion of magic {unknown}
 U - 2 potions of resistance {unknown}
Miscellaneous
 X - a lightning rod (4/4)


   Skills:
 + Level 7.3 Fighting
 + Level 9.0 Short Blades
 + Level 6.5 Armour
 + Level 8.9 Dodging
 + Level 13.0 Stealth
 + Level 3.0 Shields
 + Level 7.6 Spellcasting
 + Level 12.1 Hexes
 + Level 3.8 Necromancy
 + Level 3.1 Invocations
 + Level 3.0 Evocations


You had 15 spell levels left.
You knew the following spells:

 Your Spells              Type           Power      Damage    Failure   Level
a - Ensorcelled Hibernat  Hex/Ice        60%        N/A       1%          2
b - Confusing Touch       Hex            52%        N/A       1%          3
c - Tukima's Dance        Hex            52%        N/A       1%          3
d - Anguish               Hex/Necr       18%        N/A       3%          4

Your spell library contained the following spells:

 Spells                   Type           Power      Damage    Failure   Level
 Dazzling Flash           Conj/Hex       60%        N/A       2%          3
 Summon Guardian Golem    Hex/Summ       30%        N/A       2%          3
 Freeze                   Ice            28%        1d5       10%         1
 Summon Small Mammal      Summ           28%        N/A       10%         1
 Summon Mana Viper        Hex/Summ       30%        N/A       22%         5
 Call Canine Familiar     Summ           7%         N/A       28%         3
 Frozen Ramparts          Ice            14%        1d3       28%         3
 Hailstorm                Conj/Ice       7%         3d4       28%         3
 Ignite Poison            Fire/Tmut/Pois 7%         N/A       28%         3
 Spider Form              Tmut/Pois      7%         N/A       28%         3
 Stone Arrow              Conj/Erth      14%        3d7       28%         3
 Animate Armour           Summ/Erth      14%        N/A       67%         4
 Summon Ice Beast         Ice/Summ       7%         N/A       67%         4
 Dragon Form              Tmut           3%         N/A       100%        7
 Monstrous Menagerie      Summ           3%         N/A       100%        7
 Lehudib's Crystal Spear  Conj/Erth      3%         10d3      100%        8


Dungeon Overview and Level Annotations

Branches:
Dungeon (12/15)            Temple (1/1) D:6            Lair (2/5) D:11
  Snake (0/4) Lair:2          Orc (0/2) D:9           Sewer (visited)
 Bailey (visited)
  Swamp: Lair:2-3    Shoals: Lair:2-3

Altars:
Dithmenos
Fedhas
Gozag
Hepliaklqana
Kikubaaqudgha
Makhleb
Okawaru
Qazlal
Ru
Sif Muna
Wu Jian
Xom
Yredelemnul

Shops:
D:1 *   D:4 !   D:8 **   D:9 !   D:11 (

Annotations:
D:12 exclusion: orange crystal statue
Lair:1 1 runed translucent door, Yha Fil's ghost, journeyman TrCK
Lair:2 exclusion: oklob plant


Innate Abilities, Weirdness & Mutations

Your natural rate of healing is accelerated.
You have razor-sharp teeth.
You have supernaturally acute eyesight. (SInv)
You are afflicted with vampirism and can become a bat while bloodless.


Message History

You hit the wolf but do no damage.
The wolf appears confused.
The wolf is lightly wounded.
The wolf misses you. The wolf closely misses you.
Casting: Confusing Touch (safe; 1% risk of failure)
Confirm with . or Enter, or press ? or * to list all spells.
Your hands begin to glow red.
The death yak is struck by lightning.
The wolf bites you.
You hit the death yak but do no damage.
The death yak appears confused.
The death yak is lightly wounded.
The wolf closely misses you. The death yak barely misses you.
Casting: Confusing Touch (safe; 1% risk of failure)
Confirm with . or Enter, or press ? or * to list all spells.
Your hands begin to glow red.
The death yak bellows!
The wolf misses you. The wolf bites you. The death yak gores you!
* * * LOW HITPOINT WARNING * * *
The death yak barely misses the wolf.
The wolf bites the wolf.
The death yak bellows!
You hit the death yak but do no damage.
The death yak is lightly wounded.
The wolf misses you.
The wolf barely misses the wolf.
You hit the death yak but do no damage.
The death yak is lightly wounded.
The death yak gores you!
* * * LOW HITPOINT WARNING * * *
The death yak barely misses you. The wolf bites you but does no damage.
You hit the death yak but do no damage.
The death yak is lightly wounded.
The wolf closely misses itself.
The wolf closely misses you. The death yak closely misses you.
You barely miss the death yak.
You bite the death yak, but do no damage.
The death yak is lightly wounded.
The wolf misses you.
You hit the death yak but do no damage.
The death yak is lightly wounded.
The wolf barely misses you.
The death yak is struck by lightning.
The death yak gores the wolf!!
The wolf bites you but does no damage. The death yak gores you!!
You die...

### ######################
#.###.#.#P.##..##.....P..###
...........................#
#P.####......h.............#
......#.......hY..†........#
...........Y.YYYhhh........#
##....P.....####@##........#
.##.........# ####........#
.)#......h.## ##...###.#
.).........h# ##..#.#
..#........## #....##
.#####.#...# #...##
##.+....#YY# ##...#
##.........#########..##
...#....#....##...##..#


You could see 5 death yaks and 5 wolves.

Vanquished Creatures
  A boulder beetle (D:11)
  2 two-headed ogres (D:12)
  A skyshark (Lair:2)
  An orc knight (Bailey)
  A deep elf pyromancer (Bailey)
  3 cyclopes
  3 manticores
  A gargoyle (D:12)
  An unseen horror (D:12)
  2 komodo dragons
  3 trolls
  A polar bear (Lair:2)
  2 hornets (D:8)
  3 blink frogs (Lair:2)
  3 slime creatures (D:12)
  Sigmund (D:3)
  4 shadows
  57 yaks
  A vampire (D:11)
  3 wraiths
  4 vampire mosquitoes
  A dancing weapon (D:11)
  Menkaure (D:4)
  4 steam dragons
  Edmund (D:6)
  2 wargs (D:11)
  4 nagas (Lair:2)
  Duvessa (D:4)
  An acid dragon (D:12)
  3 water moccasins
  4 orc warriors
  An ice beast (D:6)
  A black bear (Lair:2)
  A sky beast (D:7)
  An ogre (D:5)
  5 centaurs
  6 wolves
  3 phantoms
  3 kobold brigands
  9 bullfrogs
  A necrophage (D:6)
  A gnoll sergeant (D:7)
  5 scorpions
  Dowan (D:4)
  2 troll zombies (D:9)
  10 killer bees
  A howler monkey (D:5)
  3 centaur zombies (D:6)
  2 bullfrog zombies (D:6)
  8 orc priests
  A jelly (D:6)
  Crazy Yiuf (D:3)
  6 iguanas
  12 orc wizards
  6 ogre zombies (D:9)
  Robin (D:2)
  A howler monkey zombie (D:6)
  2 gnolls (D:7)
  13 adders
  3 river rats (Sewer)
  A shadow imp (D:8)
  2 white imps (D:7)
  2 ufetubi (D:4)
  5 dart slugs
  A worm (D:2)
  42 orcs
  10 endoplasms
  6 giant cockroaches
  14 goblins
  11 hobgoblins
  6 jackals
  6 quokkas
  15 ball pythons
  5 bats
  3 frilled lizards
  A goblin skeleton (D:9)
  2 goblin zombies (D:9)
  A hobgoblin zombie (D:9)
  20 kobolds
  4 orc skeletons (D:9)
  17 orc zombies (D:9)
  30 rats
434 creatures vanquished.

Vanquished Creatures (collateral kills)
  A two-headed ogre (D:11)
  A yak (D:9)
  3 orc warriors (Bailey)
  A gnoll (D:7)
  2 orcs (Bailey)
8 creatures vanquished.

Vanquished Creatures (others)
  A dancing weapon (Bailey)
  A killer bee (D:10)
  An orc wizard (D:11)
  5 fungi (Lair:2)
  10 plants
18 creatures vanquished.

Grand Total: 460 creatures vanquished

Notes
Turn   | Place    | Note
-------+----------+-------------------------------------------
     0 | D:1      | BlueFish the Vampire Enchanter began the quest for the Orb.
     0 | D:1      | Reached XP level 1. HP: 13/13 MP: 3/3
   206 | D:1      | Found Fuhoup's Assorted Antiques.
   283 | D:1      | Reached XP level 2. HP: 4/19 MP: 5/5
   286 | D:1      | Learned a level 2 spell: Ensorcelled Hibernation
   739 | D:2      | Gained mutation: You are afflicted with vampirism and can
                  | become a bat while bloodless. [Vampire growth]
   739 | D:2      | Reached XP level 3. HP: 25/25 MP: 1/6
   748 | D:2      | Learned a level 3 spell: Confusing Touch
  1109 | D:2      | Reached skill level 1 in Fighting
  1109 | D:2      | Reached XP level 4. HP: 32/32 MP: 7/7
  1124 | D:2      | Found the +3 robe of Clouds {*Thunder rCloud rElec}
  1277 | D:2      | Noticed Robin
  1285 | D:2      | Reached skill level 1 in Armour
  1291 | D:2      | Reached skill level 5 in Stealth
  1291 | D:2      | Reached skill level 5 in Hexes
  1339 | D:2      | Killed Robin
  1521 | D:3      | Found a blossoming altar of Fedhas.
  1583 | D:3      | Noticed a scorpion
  1586 | D:3      | Killed a scorpion
  1587 | D:3      | Reached XP level 5. HP: 37/37 MP: 8/8
  1606 | D:3      | Noticed Sigmund
  1612 | D:3      | Learned a level 3 spell: Tukima's Dance
  1620 | D:3      | Killed Sigmund
  1621 | D:3      | Reached XP level 6. HP: 44/44 MP: 3/10
  2007 | D:3      | Reached skill level 6 in Stealth
  2011 | D:3      | You fall into a shaft and drop 1 floor!
  2264 | D:3      | Found a burning altar of Makhleb.
  2351 | D:3      | Found a runed translucent door.
  2354 | D:3      | Noticed Crazy Yiuf
  2509 | D:3      | Killed Crazy Yiuf
  2564 | D:3      | Identified the +9 hammer of Watchfulness {flame, rC+ rCorr
                  | Str+2 Dex+3}
  2646 | D:4      | Reached XP level 7. HP: 46/51 MP: 11/11
  2707 | D:4      | Noticed Menkaure
  2715 | D:4      | Killed Menkaure
  2861 | D:4      | Found Wiysh's Distillery.
  3137 | D:4      | Noticed Dowan
  3141 | D:4      | Noticed Duvessa
  3155 | D:4      | Killed Duvessa
  3173 | D:4      | Killed Dowan
  3174 | D:4      | Reached skill level 7 in Stealth
  3174 | D:4      | Reached XP level 8. HP: 46/57 MP: 10/13
  3330 | D:5      | Entered Level 5 of the Dungeon
  4103 | D:6      | Noticed Edmund
  4119 | D:6      | Killed Edmund
  4120 | D:6      | Reached skill level 5 in Dodging
  4120 | D:6      | Reached skill level 8 in Stealth
  4164 | D:6      | Found a glowing drain.
  4183 | Sewer    | Entered a sewer
  4420 | Sewer    | Reached XP level 9. HP: 65/65 MP: 15/15
  4486 | Sewer    | Reached skill level 5 in Short Blades
  4702 | D:6      | Found a staircase to the Ecumenical Temple.
  4711 | Temple   | Entered the Ecumenical Temple
  4725 | Temple   | Became a worshipper of Dithmenos the Shadowed
  4842 | D:6      | Found a basalt altar of Yredelemnul.
  5514 | D:7      | Reached skill level 9 in Stealth
  5514 | D:7      | Reached skill level 5 in Spellcasting
  5517 | D:7      | Noticed a cyclops
  5525 | D:7      | Killed a cyclops
  5857 | D:8      | Found an ancient bone altar of Kikubaaqudgha.
  5953 | D:8      | Found a shimmering blue altar of Sif Muna.
  5993 | D:8      | Reached * piety under Dithmenos
  6034 | D:8      | Reached XP level 10. HP: 62/73 MP: 12/18
  6608 | D:8      | Found a sacrificial altar of Ru.
  6664 | D:8      | Found Qomnidgh's General Store.
  6668 | D:8      | Found Oxtogiz's Specific Store.
  6982 | D:9      | Noticed a cyclops
  7022 | D:8      | Reached skill level 5 in Fighting
  7049 | D:9      | Reached skill level 10 in Stealth
  7225 | D:9      | Found Petog's Distillery.
  7252 | D:9      | Reached ** piety under Dithmenos
  7416 | D:9      | Found a staircase to the Orcish Mines.
  7436 | D:9      | Reached skill level 5 in Armour
  7476 | D:9      | Reached skill level 10 in Hexes
  7480 | D:9      | Reached *** piety under Dithmenos
  7758 | D:8      | Reached XP level 11. HP: 22/81 MP: 20/20
  7764 | D:8      | Reached skill level 11 in Stealth
  8227 | D:9      | Found an opulent altar of Gozag.
  8528 | D:10     | Entered Level 10 of the Dungeon
  8884 | D:10     | Found a flagged portal.
  9005 | Bailey   | Entered a bailey
  9112 | Bailey   | Found a large runed translucent door.
  9112 | Bailey   | Found a large runed translucent door.
  9113 | Bailey   | Noticed a deep elf pyromancer
  9136 | Bailey   | Noticed an orc knight
  9155 | Bailey   | Killed an orc knight
  9377 | Bailey   | Killed a deep elf pyromancer
  9377 | Bailey   | Reached **** piety under Dithmenos
  9381 | Bailey   | Got the Lessons on Mercurial Anthracomancy
  9926 | D:11     | Noticed a two-headed ogre
  9949 | D:11     | Killed a two-headed ogre
 10048 | D:11     | Learned a level 4 spell: Anguish
 10161 | D:11     | Found Urahuc's Antique Weapon Shoppe.
 10303 | D:11     | Reached skill level 1 in Necromancy
 10374 | D:11     | Found a staircase to the Lair.
 10388 | D:11     | Reached skill level 12 in Stealth
 10405 | D:11     | Reached skill level 1 in Shields
 10405 | D:11     | Reached skill level 1 in Evocations
 10585 | D:11     | Reached skill level 1 in Invocations
 11072 | D:11     | Noticed a boulder beetle
 11076 | D:11     | Killed a boulder beetle
 11077 | D:11     | Reached XP level 12. HP: 89/89 MP: 22/22
 11523 | D:12     | Noticed a two-headed ogre
 11523 | D:12     | Noticed a two-headed ogre
 11538 | D:12     | Killed a two-headed ogre
 11557 | D:12     | Killed a two-headed ogre
 12110 | D:12     | Noticed a two-headed ogre
 12110 | D:12     | Noticed a two-headed ogre
 12326 | Lair:1   | Entered Level 1 of the Lair of Beasts
 12450 | Lair:1   | Found a runed translucent door.
 12450 | Lair:1   | Found a shimmering altar of Xom.
 12450 | Lair:1   | Noticed Yha Fil's ghost (journeyman TrCK)
 12883 | Lair:1   | Reached ***** piety under Dithmenos
 13005 | Lair:1   | Identified the +1 glaive "Qid Jaut" {drain, rElec rPois
                  | Int+5}
 14159 | Lair:2   | Reached skill level 13 in Stealth
 14165 | Lair:2   | Found a staircase to the Snake Pit.
 14255 | Lair:2   | Identified the ring "Niteder" {rN+ rCorr}
 14340 | Lair:2   | Noticed a death yak
 14340 | Lair:2   | Noticed a death yak
 14344 | Lair:2   | Noticed a death yak
 14345 | Lair:2   | Noticed a death yak
 14346 | Lair:2   | Noticed a death yak
 14370 | Lair:2   | Reached XP level 13. HP: 60/96 MP: 17/24
 14384 | Lair:2   | Slain by a death yak

Illustrated notes

Levels and vault maps discovered:
D:1:      lemuel_arrival_river_passageway, layout_basic, serial_shops,
          nicolae_shop_temple_entry_statues_fountains, serial_forest,
          infiniplex_forest_lined_3, infiniplex_forest_zigzag_2,
          infiniplex_forest_clump_diagonal, infiniplex_forest_clump_double,
          infiniplex_forest_3_way
D:2:      layout_rooms, minmay_liquid_box, uniq_robin
D:3:      layout_loops_corners, old_standard_altar,
          mainiacjoe_overflow_boulevard, uniq_crazy_yiuf_cottage, uniq_sigmund
D:4:      layout_rooms, tso_altar, serial_shops, nicolae_stop_n_shop_1,
          reono_crystal_passage, minivault_25, grunt_decor_cap, uniq_menkaure,
          uniq_duvessa
D:5:      layout_basic
D:6:      layout_rooms, nicolae_yredelemnul_corpse_copse,
          minmay_temple_entry_grid, portal_sewer_entry_f, uniq_edmund
D:7:      layout_basic, nicolae_titane
D:8:      layout_gridville, mainiacjoe_overflow_alcove_1,
          lemuel_coloured_pillars_altar, mainiacjoe_overflow_chevrons,
          nicolae_specific_store, minmay_misc_feat_square
D:9:      hellmonk_destroyed_diamonds, layout_rooms, lemuel_crystal_altar,
          zombieorc2_lemuel, serial_shops, nicolae_shop_behind_doors
D:10:     layout_irregular_city, enter_bailey_8, serial_column_ruins,
          column_ruins_open_large, column_ruins_open_tiny,
          column_ruins_open_tiny, column_ruins_corridor_corner,
          column_ruins_open_small, column_ruins_open_small,
          column_ruins_open_small
D:11:     layout_gridville, erik_lair_orcish_takeover, serial_shops,
          nicolae_shop_overgrown_old_shop
D:12:     layout_rooms, minivault_16, chequers_avenue
Temple:   compressed_dpeg_circular_temple
Lair:1:   layout_cellular_growth, ebering_ghost_xom
Lair:2:   layout_chaotic_city, minmay_shoals_entry_hut,
          minmay_snake_entry_guardpost_medium, lemuel_fruit_tree

Skill      XL: |  1  2  3  4  5  6  7  8  9 10 11 12 |
---------------+-------------------------------------+-----
Short Blades   | 2 3 4 6 7 8 9 |  9.0
Fighting       | 1 2 3 4 5 6 7 |  7.3
Armour         | 1 2 3 4 5 6 |  6.5
Stealth        | 5 6 7 8 9 10 12 13 | 13.0
Hexes          | 5 6 7 9 10 11 12 | 12.1
Dodging        | 3 4 5 6 7 8 |  8.9
Spellcasting   | 3 4 5 6 7 |  7.6
Necromancy     | 1 3 |  3.8
Shields        | 1 3 |  3.0
Evocations     | 1 3 |  3.0
Invocations    | 1 3 |  3.1

Action                     |  1- 3 |  4- 6 |  7- 9 | 10-12 | 13-15 || total
---------------------------+-------+-------+-------+-------+-------++-------
  Melee: Dagger            |   122 |   148 |   411 |   862 |    12 ||  1555
         Bite              |    14 |    19 |    55 |   140 |     3 ||   231
         Punch             |       |     1 |     9 |    18 |       ||    28
   Cast: Ensorcelled Hiber |     4 |     3 |    19 |     6 |       ||    32
         Tukima's Dance    |       |     1 |     2 |    22 |       ||    25
         Confusing Touch   |       |       |       |    79 |     3 ||    82
    Use: Scroll            |       |       |       |    16 |       ||    16
   Stab: Sleeping          |    13 |    11 |    33 |    23 |       ||    80
         Confused          |       |       |       |    45 |       ||    45
         Distracted        |       |       |       |     2 |       ||     2
 Armour: Robe              |    34 |    43 |   137 |   235 |     3 ||   452
  Dodge: Dodged            |    71 |    66 |   260 |   937 |    18 ||  1352

Table legend: (Time is in decaauts)
 A = Elapsed time spent in this place.
 B = Non-inter-level travel time spent in this place.
 C = Inter-level travel time spent in this place.
 D = Time resting spent in this place.
 E = Time spent auto-exploring this place.
 F = Levels seen in this place.
 G = Mean time per level.
                   A        B        C        D        E       F      G
               +--------+--------+--------+--------+--------+-----+--------+
         Total |  13953 |  13479 |    474 |    172 |   9647 |  17 |  820.8 |
       Dungeon |  11234 |  10806 |    428 |    172 |   7802 |  12 |  936.2 |
        Temple |     24 |     24 |      0 |      0 |      0 |   1 |   24.0 |
          Lair |   1958 |   1912 |     46 |      0 |   1442 |   2 |  979.0 |
         Sewer |    321 |    321 |      0 |      0 |    154 |   1 |  321.0 |
        Bailey |    415 |    415 |      0 |      0 |    249 |   1 |  415.0 |
               +--------+--------+--------+--------+--------+-----+--------+

Top non-repeatable levels by time:
     D:8: 1547 daAuts
  Lair:1: 1446 daAuts
    D:11: 1295 daAuts
     D:3: 1157 daAuts
     D:9: 1026 daAuts
    D:12: 1022 daAuts
    D:10: 936 daAuts
     D:7: 913 daAuts
     D:4: 749 daAuts
     D:1: 738 daAuts
     D:5: 732 daAuts
     D:2: 668 daAuts
  Lair:2: 511 daAuts
     D:6: 445 daAuts
  Bailey: 415 daAuts
